 Dungeon Crawl Stone Soup version 0.30-a0-250-g41c1d76940 (webtiles) character file.

Game seed: 14082703705742261880

51 themarg the Trooper (level 3, -1/36 HPs)
             Began as a Minotaur Monk on Oct 13, 2022.
             Killed from afar by an orc wizard (5 damage)
             ... with a magic dart
             ... on level 2 of the Dungeon.
             The game lasted 00:04:19 (854 turns).

themarg the Trooper (Minotaur Monk)                  Turns: 854, Time: 00:04:19

Health: -1/36      AC:  8    Str: 15 (17) XL:     3   Next: 57%
Magic:  2/2        EV:  7    Int:  5 (7)  God:
Gold:   31         SH:  0    Dex: 10 (12) Spells: 2/2 levels left

rFire   . . .      SeeInvis .    a - +0 hand axe
rCold   . . .      Faith    .    (no shield)
rNeg    . . .      Spirit   .    j - +0 chain mail
rPois   .          Reflect  .    (helmet restricted)
rElec   .          Harm     .    (no cloak)
rCorr   .          Rampage  .    (no gloves)
Will    .....                    (no boots)
Stlth   ..........               (no amulet)
HPRegen 0.26/turn                (no ring)
MPRegen 0.08/turn                (no ring)

@: brilliant
A: horns 2, retaliatory headbutt
a: no special abilities


You were on level 2 of the Dungeon.
You visited 1 branch of the dungeon, and saw 2 of its levels.

You collected 31 gold pieces.

Inventory:

Hand Weapons
 a - a +0 hand axe (weapon)
Missiles
 f - 11 stones (quivered)
Armour
 e - a +0 kite shield
 j - a +0 chain mail (worn)
Scrolls
 b - a scroll of poison {unknown}
 c - a scroll of fog {unknown}
 d - a scroll of fear {unknown}
 h - 2 scrolls of amnesia {unknown}
 i - a scroll of enchant armour {unknown}
 k - a scroll of teleportation {unknown}
 n - 2 scrolls of identify {unknown}


   Skills:
 + Level 5.3 Fighting
 - Level 3.7 Axes
 - Level 3.4 Dodging
 - Level 1.7 Stealth


You had 2 spell levels left.
You didn't know any spells.
Your spell library was empty.

Dungeon Overview and Level Annotations

Branches:
Dungeon (2/15)

Altars:


Innate Abilities, Weirdness & Mutations

You have a pair of horns on your head.
You reflexively headbutt those who attack you in melee.


Message History

You bump into the granite statue.
Something hits you but does no damage.
It was a potion of brilliance.
You feel clever all of a sudden.
You feel less confused.
An orc wizard appears from thin air!
Reactivating autopickup.
The orc wizard hits you but does no damage.
You miss the orc wizard. The orc wizard completely misses you.
You hit the orc wizard but do no damage.
You headbutt the orc wizard.
The orc wizard is moderately wounded.
The orc wizard hits you but does no damage.
You hit the orc wizard but do no damage.
Your headbutt misses the orc wizard.
The orc wizard is moderately wounded.
The orc wizard hits you with a +0 dagger.
* * * LOW HITPOINT WARNING * * *
You barely miss the orc wizard. Your headbutt misses the orc wizard.
The orc wizard is moderately wounded.
The orc wizard hits you with a +0 dagger.
* * * LOW HITPOINT WARNING * * *
You closely miss the orc wizard.
The orc wizard is moderately wounded.
The orc wizard hits you but does no damage.
You hit the orc wizard.
The orc wizard is heavily wounded.
The orc wizard barely misses you.
The orc wizard hits you with a +0 dagger.
* * * LOW HITPOINT WARNING * * *
You hit the orc wizard.
The orc wizard is severely wounded.
The orc wizard hits you but does no damage.
You barely miss the orc wizard.
The orc wizard is severely wounded.
The orc wizard hits you with a +0 dagger.
* * * LOW HITPOINT WARNING * * *
You hit the orc wizard. Your headbutt misses the orc wizard.
The orc wizard is almost dead.
The orc wizard casts a spell at you. The magic dart hits you.
You die...

.# ##### ##.#
#...## ########...
#'#..###.........#
##.##.....#####...#
#)@o#..#.>##..<....
#8.8##.......##..#.
#...####.........#.
##'## ##.######....
... #..# ####.##.
... ######.......
... #...#.##. .....
#.<.#.##. #........


You could see an orc wizard.

Vanquished Creatures
  A gnoll (D:1)
  4 orcs (D:2)
  5 ball pythons
  4 bats (D:1)
  An endoplasm (D:1)
  3 goblins (D:1)
  2 hobgoblins (D:1)
  5 kobolds (D:1)
  A quokka (D:1)
  2 frilled lizards (D:1)
  5 rats
33 creatures vanquished.

Notes
Turn   | Place    | Note
-------+----------+-------------------------------------------
     0 | D:1      | themarg the Minotaur Monk began the quest for the Orb.
     0 | D:1      | Reached XP level 1. HP: 19/19 MP: 0/0
   139 | D:1      | Reached skill level 4 in Fighting
   139 | D:1      | Reached XP level 2. HP: 25/27 MP: 1/1
   335 | D:1      | Reached XP level 3. HP: 35/35 MP: 2/2
   428 | D:1      | Reached skill level 5 in Fighting
   854 | D:2      | Killed from afar by an orc wizard

Illustrated notes

Levels and vault maps discovered:
D:1:      minmay_arrival_checkered_box, layout_loops_ring,
          minmay_misc_feat_cross
D:2:      layout_loops_cross, shapermc_ecumenical_altar_petra,
          kennysheep_minor_cross, pf_guarded_unrand_delatra

Skill      XL: |  1  2  3 |
---------------+----------+-----
Fighting       | 4 5 |  5.3
Axes           | |  3.7
Dodging        | |  3.4
Stealth        | |  1.7

Action                   || total
-------------------------++-------
Melee: Hand axe          ||    95
       Headbutt          ||     9
       Punch             ||     1
  Use: Potion            ||     4
 Stab: Distracted        ||     1
Armor: Robe              ||     5
       Chain mail        ||    58
Dodge: Dodged            ||    48

Table legend: (Time is in decaauts)
 A = Elapsed time spent in this place.
 B = Non-inter-level travel time spent in this place.
 C = Inter-level travel time spent in this place.
 D = Time resting spent in this place.
 E = Time spent auto-exploring this place.
 F = Levels seen in this place.
 G = Mean time per level.
                   A        B        C        D        E       F      G
               +--------+--------+--------+--------+--------+-----+--------+
         Total |    864 |    824 |     40 |     45 |    544 |   2 |  432.0 |
       Dungeon |    864 |    824 |     40 |     45 |    544 |   2 |  432.0 |
               +--------+--------+--------+--------+--------+-----+--------+

Top non-repeatable levels by time:
     D:1: 768 daAuts
     D:2: 95 daAuts
